AoeStats
← FkeVriX

Arabia

509963402Analyzed
2v2 RM · 2d ago on Sep 28, 2026· 71m 3s· 4 players
Game mode
Random Map
Map size
Medium (4 player)
Population
200
Speed
Normal
Resources
Standard
Victory
Conquest
Starting age
Dark Age
Ending age
Imperial Age
RankedLock teamsTeams togetherTeam positionsShared explorationLock speedFull tech treeHidden civsTurbo modeCheats
Victory
Defeat
🇨🇱 Spanish · Chile
1284
+17
🇨🇱 Chinese · Chile
1223
+20
🇨🇴 Berbers · Colombia
1348
-20
1266
-17
Risk-adjusted Return 96
6:13 Loom
11:06 Feudal Age
12:07 Horse Collar
12:14 Double-Bit Axe
19:03 Fletching
19:49 Gold Mining
24:37 Castle Age
22:46 Padded Archer Armor
24:18 Scale Mail Armor
24:41 Crossbowman
25:23 Bodkin Arrow
26:32 Leather Archer Armor
34:11 Heavy Plow
35:13 Wheelbarrow
34:24 Town Watch
40:33 Imperial Age
38:28 Ballistics
38:16 Thumb Ring
37:58 Elite Skirmisher
40:46 Bow Saw
40:35 Arbalester
41:21 Bracer
42:27 Two-Man Saw
42:56 Ring Archer Armor
43:40 Chemistry
43:33 Hand Cart
46:52 Masonry
50:04 Torsion Engines
51:25 Conscription
65:04 Chain Mail Armor
65:00 Forging
71:33 Iron Casting
71:29 Plate Mail Armor
FkeVriX
7:02 Loom
9:25 Feudal Age
10:13 Double-Bit Axe
15:35 Horse Collar
20:43 Castle Age
18:57 Fletching
19:49 Padded Archer Armor
19:49 Gold Mining
21:25 Bodkin Arrow
21:51 Bow Saw
22:24 Husbandry
24:19 Leather Archer Armor
26:07 Wheelbarrow
26:21 Bloodlines
29:36 Stone Mining
30:26 Heavy Plow
31:35 Gold Shaft Mining
31:55 Hand Cart
33:49 Ballistics
35:18 Thumb Ring
35:24 Town Watch
39:55 Imperial Age
37:47 Scale Barding Armor
38:03 Forging
38:42 Light Cavalry
40:13 Masonry
40:32 Squires
40:03 Heavy Camel Rider
40:54 Bracer
41:56 Chemistry
42:58 Chain Barding Armor
44:19 Ring Archer Armor
44:17 Conscription
43:18 Hussar
45:41 Elite Skirmisher
46:09 Elite Camel Archer
47:06 Caravan
47:59 Plate Barding Armor
51:45 Iron Casting
51:55 Maghrebi Camels
52:33 Hoardings
52:22 Siege Engineers
51:57 Capped Ram
60:01 Murder Holes
64:02 Treadmill Crane
Sin H.
5:49 Loom
8:43 Feudal Age
9:21 Double-Bit Axe
10:46 Horse Collar
15:07 Wheelbarrow
19:27 Castle Age
17:37 Scale Barding Armor
18:34 Bloodlines
18:31 Padded Archer Armor
18:41 Stone Mining
20:22 Bow Saw
20:16 Heavy Plow
21:56 Leather Archer Armor
21:42 Husbandry
24:08 Gold Mining
32:13 Hand Cart
36:53 Imperial Age
36:02 Chain Barding Armor
35:53 Forging
35:32 Light Cavalry
38:14 Plate Barding Armor
38:59 Ring Archer Armor
39:05 Iron Casting
38:59 Hussar
40:08 Masonry
41:00 Conscription
41:43 Supremacy
41:32 Elite Conquistador
43:25 Blast Furnace
43:17 Ballistics
43:58 Chemistry
43:29 Architecture
42:51 Fletching
44:31 Bodkin Arrow
45:32 Bracer
46:43 Fortified Wall
47:12 Cavalier
49:01 Guilds
49:26 Bombard Tower
50:15 Hoardings
49:13 Pikeman
49:42 Halberdier
50:22 Squires
50:08 Arson
50:24 Scale Mail Armor
50:43 Murder Holes
52:04 Chain Mail Armor
53:20 Plate Mail Armor
54:16 Sappers
66:42 Caravan
70:06 Town Watch
IBUYPAWS
0:47 Loom
9:23 Feudal Age
10:09 Double-Bit Axe
20:08 Castle Age
18:30 Horse Collar
19:20 Scale Barding Armor
21:11 Chain Barding Armor
22:51 Gold Mining
25:45 Bloodlines
26:10 Fletching
26:21 Padded Archer Armor
29:56 Bodkin Arrow
31:28 Gold Shaft Mining
30:51 Elite Skirmisher
32:45 Wheelbarrow
34:10 Bow Saw
35:45 Thumb Ring
37:08 Leather Archer Armor
38:28 Ballistics
40:44 Imperial Age
39:13 Heavy Plow
39:41 Hand Cart
41:25 Bracer
41:56 Ring Archer Armor
41:15 Cavalier
42:32 Plate Barding Armor
42:09 Forging
43:22 Two-Man Saw
43:29 Conscription
44:45 Murder Holes
45:01 Masonry
45:51 Chemistry
47:15 Architecture
48:24 Caravan
48:20 Light Cavalry
49:54 Scale Mail Armor
52:08 Heavy Rocket Cart
57:46 Husbandry
59:09 Stone Mining
Connection lost

Rejoining the realm…

Still unreachable

The connection could not be restored.

Session expired

The server has moved on; the page needs a fresh start.